 Dungeon Crawl Stone Soup version 0.30-a0-339-g89bb51ec76 (webtiles) character file.

Game seed: 15318062838608214376

1147 twist the Conjurer (level 8, -8/61 HPs)
             Began as a Demonspawn Reaver on Oct 31, 2022.
             Was an Initiate of Vehumet.
             Mangled by a gnoll
             ... wielding a +0 halberd of venom
              (15 damage)
             ... on level 4 of the Dungeon.
             The game lasted 00:06:47 (5709 turns).

twist the Conjurer (Demonspawn Reaver)              Turns: 5709, Time: 00:06:48

Health: -8/61      AC:  6    Str: 13    XL:     8   Next: 15%
Magic:  14/14      EV: 12    Int: 16    God:    Vehumet [......]
Gold:   203        SH:  0    Dex: 12    Spells: 14/15 levels left

rFire   + . .      SeeInvis .    l - +4 mace
rCold   + . .      Faith    .    (no shield)
rNeg    . . .      Spirit   .    b - +0 leather armour
rPois   .          Reflect  .    j - +2 helmet
rElec   .          Harm     .    k - scarf {rC+ rF+}
rCorr   .          Rampage  .    (no gloves)
Will    .....                    (no boots)
Stlth   +.........               (no amulet)
HPRegen 0.30/turn                (no ring)
MPRegen 0.14/turn                (no ring)

@: mighty, brilliant, attractive
A: ignite blood 2, demonic magic 1, weakness stinger 1
a: Renounce Religion


You were on level 4 of the Dungeon.
You worshipped Vehumet.
Vehumet was noncommittal.
You visited 2 branches of the dungeon, and saw 6 of its levels.

You collected 203 gold pieces.

Inventory:

Hand Weapons
 l - a +4 mace (weapon)
Missiles
 r - 5 poisoned darts
Armour
 b - a +0 leather armour (worn)
 j - a +2 helmet (worn)
 k - a scarf of resistance (worn)
Jewellery
 e - a ring of ice
 q - a +4 ring of protection
Wands
 a - a wand of polymorph (14)
Scrolls
 c - 3 scrolls of identify
 i - 2 scrolls of teleportation
 p - a scroll of fog {unknown}
Potions
 g - 2 potions of mutation
 h - a potion of magic


   Skills:
 + Level 4.7 Fighting
 + Level 4.7 Maces & Flails
 + Level 4.2 Dodging
 + Level 4.4 Spellcasting
 + Level 5.2 Conjurations


You had 14 spell levels left.
You knew the following spells:

 Your Spells              Type           Power      Damage    Failure   Level
a - Kiss of Death         Conj/Necr      68%        2d10      7%          1

Your spell library contained the following spells:

 Spells                   Type           Power      Damage    Failure   Level
 Momentum Strike          Conj/Tloc      34%        3d8       11%         2
 Slow                     Hex            20%        N/A       21%         1
 Hailstorm                Conj/Ice       17%        3d6       22%         3
 Cigotuvi's Dreadful Rot  Necr/Pois/Air  10%        N/A       30%         2
 Poisonous Vapours        Pois/Air       10%        N/A       30%         2
 Mephitic Cloud           Conj/Pois/Air  13%        N/A       30%         3
 Call Canine Familiar     Summ           5%         N/A       52%         3
 Confusing Touch          Hex            5%         N/A       52%         3
 Portal Projectile        Hex/Tloc       10%        N/A       52%         3
 Vampiric Draining        Necr           5%         2d6       52%         3
 Leda's Liquefaction      Hex/Erth       2%         N/A       90%         4


Dungeon Overview and Level Annotations

Branches:
Dungeon (5/15)             Temple (1/1) D:5

Altars:
Ashenzari
Cheibriados
Dithmenos
Fedhas
Gozag
Hepliaklqana
Kikubaaqudgha
Makhleb
Nemelex Xobeh
Okawaru
Ru
Sif Muna
Trog
Vehumet
Wu Jian
Xom
Yredelemnul

Shops:
D:1 (

Annotations:
D:4 1 transporter, ouz's ghost, amateur DsGl
D:5 3 runed translucent doors, bimpf's ghost, novice MiBe


Innate Abilities, Weirdness & Mutations

Your demonic aura often causes spilled blood to erupt in flames.
Spells you cast may paralyse adjacent enemies.
You have a small tail.


Message History

It was a potion of brilliance.
You feel clever all of a sudden. The gnoll misses you.
The gnoll hits you with a +0 whip.
* * * LOW HITPOINT WARNING * * *
The gnoll completely misses you.
Unknown command.
It was a potion of might.
You feel very mighty all of a sudden. The gnoll closely misses you.
The gnoll hits you from afar with a +0 spear.
* * * LOW HITPOINT WARNING * * *
The gnoll hits you but does no damage. The gnoll barely misses you.
Unknown command.
Okay, then.
You sock the gnoll!
The gnoll is severely wounded.
The gnoll hits you from afar with a +0 spear.
* * * LOW HITPOINT WARNING * * *
The gnoll closely misses you. The gnoll hits you with a +0 whip.
* * * LOW HITPOINT WARNING * * *
The gnoll is engulfed in blazing flames.
You kill the gnoll!
Vehumet accepts your kill. The gnoll closely misses you.
The gnoll hits you with a +0 whip.
* * * LOW HITPOINT WARNING * * *
The gnoll hits you from afar with a +0 spear.
* * * LOW HITPOINT WARNING * * *
Unknown command.
You thump the gnoll! You tail-slap the gnoll.
You kill the gnoll!
Vehumet accepts your kill. The gnoll hits you but does no damage.
The gnoll hits you from afar with a +0 spear.
* * * LOW HITPOINT WARNING * * *
The gnoll is attracted toward you. x3
You feel better.
The gnoll zaps a wand.
Your mind is blasted!
* * * LOW HITPOINT WARNING * * *
The now-empty wand crumbles to dust.
The gnoll closely misses you.
The gnoll hits you from afar with a +0 halberd of venom!
You die...

#..≈≈#.#.#.###.©.###.#.#g#≈≈.##
###..≈≈#...###.#####.###ggg#≈≈.##
#...[≈≈###...............###≈≈.##
#.##.≈≈.8#.######'######.#8.≈≈.##
..##.≈≈.##.#.⌠.#..8# ..#.##.≈≈.##
#.#..~~.#..'.....©)# W'.g#.~~.##
#....≈≈.##.#.⌠.#.☼8# # ##.≈≈.##
##...≈≈.8#.######'######.#8.≈≈.##
##..≈≈###..gggg@○.......###≈≈...
##.≈≈#...###g#####©###...#≈≈.##
#.≈≈#.#.#.###.©.###.#.#.#≈≈.##
#.≈≈#####...........#####≈≈.#.
#.≈≈≈≈≈≈≈≈≈≈≈≈~≈≈≈≈≈≈≈≈≈≈≈≈.#)
#.≈≈≈≈≈≈≈≈≈≈≈≈~≈≈≈≈≈≈≈≈≈≈≈≈.#.
#................(..........#.
##########....................
#####################


You could see 4 gnolls.

Vanquished Creatures
  Sigmund (D:2)
  Edmund (D:5)
  A centaur (D:5)
  2 ogres (D:5)
  3 phantoms (D:5)
  2 scorpions
  A howler monkey (D:5)
  2 hounds (D:5)
  An iguana (D:5)
  3 gnolls (D:4)
  An adder (D:4)
  An ufetubus (D:5)
  3 worms
  11 dart slugs
  8 orcs
  3 ball pythons
  4 endoplasms (D:1)
  3 giant cockroaches
  8 goblins
  8 hobgoblins
  6 kobolds
  A quokka (D:3)
  2 bats (D:1)
  4 frilled lizards (D:1)
  4 rats
84 creatures vanquished.

Vanquished Creatures (others)
  A dart slug (D:5)
  6 plants (D:4)
7 creatures vanquished.

Grand Total: 91 creatures vanquished

Notes
Turn   | Place    | Note
-------+----------+-------------------------------------------
     0 | D:1      | twist the Demonspawn Reaver began the quest for the Orb.
     0 | D:1      | Reached XP level 1. HP: 16/16 MP: 3/3
    76 | D:1      | Gained mutation: Your demonic aura sometimes causes spilled
                  | blood to erupt in flames. [demonic ancestry]
    76 | D:1      | Reached XP level 2. HP: 10/22 MP: 5/5
   247 | D:1      | Found Etsehyu's Antique Weapon Boutique.
   252 | D:1      | Found a faded altar of an unknown god.
   528 | D:1      | Gained mutation: Your demonic aura often causes spilled
                  | blood to erupt in flames. [demonic ancestry]
   528 | D:1      | Reached XP level 3. HP: 17/28 MP: 6/6
  1262 | D:2      | Noticed Sigmund
  1467 | D:3      | Noticed a scorpion
  1483 | D:3      | Killed a scorpion
  1484 | D:3      | Gained mutation: You have a small tail. [demonic ancestry]
  1484 | D:3      | Reached XP level 4. HP: 6/30 MP: 2/8
  1488 | D:3      | HP: 1/30 [poisoned by a scorpion]
  2376 | D:4      | Found a transporter.
  2626 | D:4      | Found a transporter.
  2803 | D:5      | Entered Level 5 of the Dungeon
  2822 | D:5      | Reached XP level 5. HP: 30/36 MP: 9/9
  2995 | D:5      | Noticed a phantom
  3004 | D:5      | Killed a phantom
  3028 | D:5      | Noticed a centaur
  3035 | D:5      | Killed a centaur
  3036 | D:5      | Reached skill level 4 in Conjurations
  3036 | D:5      | Reached XP level 6. HP: 40/47 MP: 10/10
  3129 | D:5      | Found a staircase to the Ecumenical Temple.
  3177 | D:5      | Reached XP level 7. HP: 18/53 MP: 12/12
  3187 | Temple   | Entered the Ecumenical Temple
  3734 | Temple   | Became a worshipper of Vehumet
  3824 | D:5      | Found a runed translucent gate.
  3824 | D:5      | Found a runed translucent gate.
  3824 | D:5      | Found a runed translucent gate.
  3961 | D:5      | Noticed Edmund
  3968 | D:5      | Killed Edmund
  4124 | D:5      | Noticed bimpf's ghost (novice MiBe)
  4336 | D:5      | Reached skill level 5 in Conjurations
  5602 | D:2      | Killed Sigmund
  5603 | D:2      | Gained mutation: Spells you cast may paralyse adjacent
                  | enemies. [demonic ancestry]
  5603 | D:2      | Reached XP level 8. HP: 55/61 MP: 14/14
  5676 | D:4      | Noticed ouz's ghost (amateur DsGl)
  5709 | D:4      | Mangled by a gnoll

Illustrated notes

Levels and vault maps discovered:
D:1:      minmay_arrival_split_and_join, layout_rooms,
          ebering_ecumenical_altar_ruins, serial_shops, shop,
          corexii_leaking_fountain, serial_bayou_lagoon_a, minmay_hedge_maze,
          st_stairs_9, minmay_pentomino_x4
D:2:      minmay_angry_zag, layout_loops_corners, uniq_robin, uniq_sigmund,
          uniq_crazy_yiuf_cottage
D:3:      layout_loops_ring
D:4:      layout_rooms, gammafunk_ghost_gnarly_gnolls
D:5:      kennysheep_slugbush, layout_basic, minmay_temple_entry_arrows,
          gammafunk_ghost_icy, due_unseen_surprise, uniq_edmund
Temple:   mainiacjoe_temple_big_plus

Skill      XL: |  1  2  3  4  5  6  7 |
---------------+----------------------+-----
Dodging        | 2 3 4 |  4.2
Maces & Flails | 3 4 |  4.7
Fighting       | 3 4 |  4.7
Spellcasting   | 3 4 |  4.4
Conjurations   | 4 5 |  5.2

Action                   |  1- 3 |  4- 6 |  7- 9 || total
-------------------------+-------+-------+-------++-------
Melee: Mace              |   131 |    93 |    45 ||   269
       Punch             |     2 |     2 |       ||     4
       Tailslap          |       |     7 |    10 ||    17
       Unarmed           |       |       |     3 ||     3
 Cast: Kiss of Death     |     3 |       |     1 ||     4
  Use: Scroll            |     3 |     4 |     2 ||     9
       Potion            |       |       |     7 ||     7
Armor: Leather armour    |    38 |    40 |    23 ||   101
Dodge: Dodged            |    73 |    73 |    50 ||   196

Table legend: (Time is in decaauts)
 A = Elapsed time spent in this place.
 B = Non-inter-level travel time spent in this place.
 C = Inter-level travel time spent in this place.
 D = Time resting spent in this place.
 E = Time spent auto-exploring this place.
 F = Levels seen in this place.
 G = Mean time per level.
                   A        B        C        D        E       F      G
               +--------+--------+--------+--------+--------+-----+--------+
         Total |   5789 |   5413 |    376 |    173 |   4407 |   6 |  964.8 |
       Dungeon |   5203 |   4878 |    325 |    173 |   3879 |   5 | 1040.6 |
        Temple |    585 |    534 |     51 |      0 |    528 |   1 |  585.0 |
               +--------+--------+--------+--------+--------+-----+--------+

Top non-repeatable levels by time:
     D:3: 1820 daAuts
     D:5: 1431 daAuts
     D:1: 1095 daAuts
     D:4: 623 daAuts
  Temple: 585 daAuts
     D:2: 232 daAuts
